Map: Persephone LE

Players

glhf

  • Race: Protoss Protoss
  • League: Master
  • Spawn Location: 7:00

flight - Winner!

  • Race: Protoss Protoss
  • League: Silver
  • Spawn Location: 11:00

VOD

Have the link to the VOD?

Description

Time

  • Played on: May 13, 2025, 4:51 a.m.
  • Length: 3:55
Show
View Real Time Build Order
Export as new Build Order

glhf Protoss 

Build Orders:  

Get SALT Encoding   

  12  0:00  Probe  
  13  0:12  Probe  
  14  0:29  Pylon  
  14  0:31  Probe  
  15  0:43  Probe  
  16  1:09  Gateway  
  16  1:22  Assimilator  
  16  1:26  Probe  
  17  1:41  Probe  
  18  1:50  Probe  
  19  1:58  Probe  
  19  2:05  Cybernetics Core  
  19  2:07  Gateway  
  19  2:08  Probe  
  21  2:16  Zealot  
  21  2:20  Probe  
  21  2:22  Assimilator  
  21  2:38  Probe  
  21  2:42  Zealot  
  20  2:50  Probe  
  11  3:04  Zealot  
  12  3:09  Zealot  
  12  3:22  Zealot  
Show
View Real Time Build Order
Export as new Build Order

flight Protoss - Winner!

Build Orders:  

Get SALT Encoding   

  12  0:00  Probe  
  13  0:12  Probe  
  14  0:19  Pylon  
  14  0:25  Probe  
  15  0:38  Forge  
  15  0:49  Assimilator  
  15  0:55  Assimilator  
  15  1:04  Probe  
  16  1:18  Pylon  
  16  1:20  Pylon  
  16  1:23  Assimilator  
  16  1:29  Gateway  
  16  1:43  Photon Cannon  
  16  1:48  Probe  
  17  1:57  Photon Cannon  
  17  2:05  Probe  
  18  2:16  Photon Cannon  
  18  2:22  Pylon  
  18  2:39  Pylon  
  18  2:42  Photon Cannon  
  18  3:02  Photon Cannon  
  18  3:09  Cybernetics Core  
  18  3:14  Pylon  
  18  3:21  Assimilator  
  20  3:50  Gateway  
Tags
 
Matchup
PvP
Spawn Locations
Close Positions
Add a new tag
Caveats
  • Supply blocks, unpowered buildings, or Contaminate may cause inaccurate times.
  • Supply counts are checked every 10 seconds.